 Dungeon Crawl Stone Soup version 0.30-a0-140-gd1020e658a (webtiles) character file.

Game seed: 3700016659778509603

1392 KennySheep the Grave Robber (level 8, -7/55 (62) HPs)
             Began as a Naga Earth Elementalist on Sept 25, 2022.
             Was a Believer of Hepliaklqana.
             Mangled by a wight
             ... wielding a +4 battleaxe
              (14 damage)
             ... on level 7 of the Dungeon.
             The game lasted 00:22:17 (8019 turns).

KennySheep the Grave Robber (NaEE)                  Turns: 8019, Time: 00:22:18

HP:   -7/55 (62)    AC:  3    Str: 10 (11) XL:     8   Next: 68%
MP:   10/13         EV: 10    Int: 17 (18) God:    Hepliaklqana [**....]
Gold: 469           SH:  0    Dex: 15 (17) Spells: 2/13 levels left

rFire   . . .      SeeInvis +    l - +2 dagger (pain)
rCold   . . .      Faith    .    (no shield)
rNeg    . . .      Spirit   .    a - +0 robe
rPois   +          Reflect  .    (no helmet)
rElec   .          Harm     .    (no cloak)
rCorr   .          Rampage  .    (no gloves)
Will    ++...                    (no barding)
Stlth   +++.......               (no amulet)
HPRegen 0.18/turn                c - ring of willpower
MPRegen 0.13/turn                k - +6 ring of dexterity

@: heavily drained, invisible, very slow
A: reduced essence, AC +2, large, see invisible, deformed body, poison
resistance, slowness 2, spit poison 1, naga tail 1
a: Spit Poison, Renounce Religion, Recall Ancestor, Ancestor Identity


You were on level 7 of the Dungeon.
You worshipped Hepliaklqana.
Hepliaklqana was pleased with you.
You visited 1 branch of the dungeon, and saw 7 of its levels.

You collected 469 gold pieces.

Inventory:

Hand Weapons
 i - a +0 dagger
 l - a +2 dagger of pain (weapon)
Armour
 a - a +0 robe (worn)
Jewellery
 c - a ring of willpower (left hand)
 k - a +6 ring of dexterity (right hand)
 p - a ring of wizardry
Wands
 g - a wand of charming (7)
 o - a wand of flame (20)
 w - a wand of light (9)
Scrolls
 d - a scroll of fear
 e - a scroll of vulnerability
 h - 12 scrolls of teleportation
 q - a scroll of silence
 r - a scroll of magic mapping
 t - a scroll of summoning
 u - a scroll of butterflies {unknown}
 x - a scroll of immolation {unknown}
Potions
 b - 4 potions of magic
 f - a potion of curing
 j - a potion of attraction {unknown}
 s - a potion of flight {unknown}
 v - a potion of cancellation {unknown}


   Skills:
 + Level 3.1 Fighting
 + Level 2.7 Short Blades
 - Level 1.5 Dodging
 - Level 5.6 Stealth
 - Level 3.3 Spellcasting
 * Level 6.3 Necromancy
 - Level 1.5 Transmutations
 + Level 5.7 Earth Magic


You had 2 spell levels left.
You knew the following spells:

 Your Spells              Type           Power      Damage    Failure   Level
a - Sandblast             Erth           44%        2d11      1%          1
b - Borgnjor's Vile Clut  Necr/Erth      11%        N/A       36%         5
c - Stone Arrow           Conj/Erth      24%        3d8       16%         3
z - Passwall              Tmut/Erth      12%        N/A       6%          2

Your spell library contained the following spells:

 Spells                   Type           Power      Damage    Failure   Level
 Sublimation of Blood     Necr           24%        N/A       1%          2
 Animate Dead             Necr           24%        N/A       12%         4
 Petrify                  Tmut/Erth      15%        N/A       36%         4
 Anguish                  Hex/Necr       6%         N/A       41%         4
 Gell's Gravitas          Tloc           2%         N/A       45%         3
 Summon Guardian Golem    Hex/Summ       2%         N/A       45%         3
 Teleport Other           Tloc           2%         N/A       45%         3
 Fireball                 Conj/Fire      1%         3d3       99%         5
 Iskenderun's Battlesphe  Conj           2%         2d6       99%         5
 Conjure Ball Lightning   Conj/Air       1%         3x3d6     100%        6
 Dispersal                Tloc           1%         N/A       100%        6
 Simulacrum               Ice/Necr       6%         N/A       100%        6
 Orb of Destruction       Conj           1%         9d5       100%        7
 Spellforged Servitor     Conj/Summ      1%         N/A       100%        7
 Death's Door             Necr           12%        N/A       100%        9


Dungeon Overview and Level Annotations

Branches:
Dungeon (7/15)             Temple (0/1) D:6

Altars:
Hepliaklqana

Shops:
D:1 =   D:3 (   D:7 =

Annotations:
D:3 2 transporters, ryw's ghost, amateur DsMo
D:6 exclusion: 2 doors


Innate Abilities, Weirdness & Mutations

Your life essence is reduced to manifest your ancestor. (-10% HP)
Your serpentine skin is tough. (AC +2)
You have supernaturally acute eyesight. (SInv)
Armour fits poorly on your strangely shaped body.
Your system is resistant to poisons. (rPois)
You cover ground very slowly.
You can spit poison.
You have a snake-like lower body.


Message History

You hit the wight but do no damage.
The wight is almost destroyed.
The wight hits Poopybuts with a +4 battleaxe!!
Poopybuts is destroyed!
The wight barely misses you.
You hit the wight.
You destroy the wight!
You feel your dexterity returning.
You hit the wight.
The wight is moderately damaged.
The wight hits you with a +4 battleaxe!!
You feel drained. The wight attacks as you move away!
The wight hits you with a +4 battleaxe!
You feel drained.
Aiming: Sandblast (safe; 1% risk of failure)
Press: ? - help, Q - select action, (/) - cycle Shift-Dir - straight line, f - wight
Aim: a wight, wielding a +4 battleaxe and wearing a +0 robe (moderately damaged, 83% to hit)
The blast of sand hits the wight.
The wight is heavily damaged.
The wight closely misses you.
Aiming: Sandblast (safe; 1% risk of failure)
Press: ? - help, Q - select action, (/) - cycle Shift-Dir - straight line, f - wight, p - wight
Aim: a wight, wielding a +2 short sword and wearing a +0 robe (83% to hit)
The blast of sand hits the wight.
The wight is severely damaged.
Aiming: Sandblast (safe; 1% risk of failure)
Press: ? - help, Q - select action, (/) - cycle Shift-Dir - straight line, f - wight, p - wight
Aim: a wight, wielding a +4 battleaxe and wearing a +0 robe (severely damaged, 83% to hit)
The blast of sand hits the wight but does no damage.
The wight is severely damaged.
The wight closely misses you. x2
The wight hits you with a +2 short sword.
* * * LOW HITPOINT WARNING * * *
You feel drained.
* * * LOW HITPOINT WARNING * * *
You fade into invisibility!
The wight hits you with a +2 short sword!
* * * LOW HITPOINT WARNING * * *
The wight hits you with a +4 battleaxe!
You die...

.......................
.......................
.^..)..................
...)..).....[.........
.......†..............
#.....#####'##....###
#.....#......#....#
#.....#......#....#
#.....########..@z#######
..##### ####z....... ..#
+........ ..# #).......
..# #........
############## .....#+##
.........'...# .....#
.........#...# ......#
###..###.###.# ......###
...###


You could see 2 wights.

Vanquished Creatures
  An ice beast (D:6)
  A sky beast (D:6)
  A black bear (D:7)
  2 ogres
  A bullfrog (D:6)
  2 scorpions
  2 wights (D:7)
  A howler monkey (D:4)
  An orc priest (D:5)
  3 hounds
  3 iguanas (D:5)
  2 orc wizards (D:5)
  5 adders
  A shadow imp (D:6)
  3 white imps
  An ufetubus (D:5)
  A worm (D:2)
  4 dart slugs
  15 orcs
  8 ball pythons
  8 bats
  8 endoplasms
  3 giant cockroaches
  11 goblins
  8 hobgoblins
  3 jackals (D:4)
  6 quokkas
  6 frilled lizards
  5 kobolds
  2 rats (D:2)
118 creatures vanquished.

Vanquished Creatures (collateral kills)
  A necrophage (D:7)
  A howler monkey (D:6)
  An orc priest (D:5)
  2 iguanas (D:5)
  An adder (D:6)
  4 orcs
10 creatures vanquished.

Vanquished Creatures (others)
  A hexer (D:7)
1 creature vanquished.

Grand Total: 129 creatures vanquished

Notes
Turn   | Place    | Note
-------+----------+-------------------------------------------
     0 | D:1      | KennySheep the Naga Earth Elementalist began the quest for
                  | the Orb.
     0 | D:1      | Reached XP level 1. HP: 15/15 MP: 3/3
   166 | D:1      | Reached XP level 2. HP: 22/22 MP: 1/5
   169 | D:1      | Learned a level 2 spell: Passwall
   212 | D:1      | Found Kukis's Jewellery Shoppe.
   875 | D:1      | Reached XP level 3. HP: 26/28 MP: 4/6
  1038 | D:1      | Learned a level 3 spell: Stone Arrow
  1381 | D:2      | Found a hazy altar of Hepliaklqana.
  1392 | D:2      | Became a worshipper of Hepliaklqana the Forgotten
  1763 | D:2      | Identified the +4 mace "Quwkim" {vorpal, rC+}
  2019 | D:3      | Reached XP level 4. HP: 37/37 MP: 5/7
  2214 | D:3      | Found a transporter.
  2214 | D:3      | Noticed ryw's ghost (amateur DsMo)
  2489 | D:3      | Found Vutaxal's Weapon Emporium.
  2498 | D:3      | Identified a scroll of acquirement
  2498 | D:3      | Acquired the Meditations on Shadows
  2595 | D:3      | Found a transporter.
  2821 | D:4      | Reached skill level 1 in Necromancy
  2886 | D:4      | Reached skill level 1 in Fighting
  2886 | D:4      | Reached skill level 1 in Short Blades
  2886 | D:4      | Reached XP level 5. HP: 27/44 MP: 1/8
  3663 | D:4      | Reached skill level 2 in Necromancy
  4195 | D:5      | Entered Level 5 of the Dungeon
  4333 | D:5      | Reached XP level 6. HP: 52/52 MP: 8/10
  4456 | D:5      | Reached skill level 5 in Stealth
  4688 | D:5      | Reached * piety under Hepliaklqana
  4922 | D:5      | Reached skill level 3 in Necromancy
  4922 | D:5      | Reached XP level 7. HP: 54/54 MP: 11/11
  5795 | D:5      | Learned a level 5 spell: Borgnjor's Vile Clutch
  6248 | D:6      | Found a staircase to the Ecumenical Temple.
  6452 | D:6      | Reached skill level 4 in Necromancy
  6654 | D:6      | Noticed a steam dragon
  6722 | D:6      | Reached XP level 8. HP: 24/61 MP: 9/13
  7113 | D:6      | Reached ** piety under Hepliaklqana
  7114 | D:6      | Remembered your ancestor Poopybuts as a hexer
  7232 | D:6      | Reached skill level 5 in Necromancy
  7232 | D:6      | Reached skill level 5 in Earth Magic
  7312 | D:7      | Found Wuocu's Jewellery Boutique.
  7892 | D:7      | Reached skill level 6 in Necromancy
  8019 | D:7      | Mangled by a wight

Illustrated notes

Levels and vault maps discovered:
D:1:      minmay_arrival_stone_box, layout_loops_ring, serial_shops, shop,
          chequers_serial_rivers_room_b
D:2:      layout_loops_cross, basic_altar, minmay_misc_feat_pillars,
          minmay_misc_feat_x, kennysheep_generic_room_5
D:3:      layout_basic, serial_shops, nicolae_lakefront_shop,
          gammafunk_ghost_arena
D:4:      layout_loops_ring
D:5:      layout_basic
D:6:      minmay_polygon_palace, layout_gridville,
          minmay_temple_entry_large_hall, uniq_menkaure
D:7:      layout_gridville, serial_shops, nicolae_stop_n_shop_1, uniq_duvessa

Skill      XL: |  1  2  3  4  5  6  7  8 |
---------------+-------------------------+-----
Stealth        | 4 5 |  5.6
Necromancy     | 1 2 3 4 6 |  6.3
Fighting       | 1 2 3 |  3.1
Short Blades   | 1 2 |  2.7
Spellcasting   | 3 |  3.3
Earth Magic    | 4 5 |  5.7
Dodging        | |  1.5
Transmutations | |  1.5

Action                   |  1- 3 |  4- 6 |  7- 9 || total
-------------------------+-------+-------+-------++-------
Melee: Unarmed           |     1 |       |       ||     1
       Dagger            |     9 |    16 |    26 ||    51
 Cast: Sandblast         |    54 |    88 |    68 ||   210
       Passwall          |       |     1 |       ||     1
Invok: Ancestor Identity |       |       |     1 ||     1
       Recall Ancestor   |       |       |     1 ||     1
       Ancestor Life: He |       |       |     1 ||     1
  Use: Scroll            |       |     9 |     3 ||    12
       Potion            |       |     1 |     5 ||     6
 Stab: Sleeping          |     2 |     2 |     3 ||     7
       Distracted        |       |     1 |       ||     1
Armor: Robe              |     4 |     9 |     8 ||    21
Dodge: Dodged            |    18 |    25 |    26 ||    69

Table legend: (Time is in decaauts)
 A = Elapsed time spent in this place.
 B = Non-inter-level travel time spent in this place.
 C = Inter-level travel time spent in this place.
 D = Time resting spent in this place.
 E = Time spent auto-exploring this place.
 F = Levels seen in this place.
 G = Mean time per level.
                   A        B        C        D        E       F      G
               +--------+--------+--------+--------+--------+-----+--------+
         Total |   9802 |   9402 |    400 |   1815 |   6433 |   7 | 1400.3 |
       Dungeon |   9802 |   9402 |    400 |   1815 |   6433 |   7 | 1400.3 |
               +--------+--------+--------+--------+--------+-----+--------+

Top non-repeatable levels by time:
     D:5: 2322 daAuts
     D:4: 1581 daAuts
     D:6: 1349 daAuts
     D:1: 1303 daAuts
     D:2: 1214 daAuts
     D:3: 1210 daAuts
     D:7: 820 daAuts
